 Dungeon Crawl Stone Soup version 0.28-a0-751-gef3a642a4e (webtiles) character file.

Game seed: 16344542397907296452

0 Gargoyl the Skirmisher (level 1, -19/23 HPs)
             Began as a Gnoll Abyssal Knight on Oct 30, 2021.
             Was a Follower of Lugonu.
             Killed from afar by a red draconian (42 damage)
             ... with a searing blast
             ... on level 1 of the Abyss.
             The game lasted 00:00:33 (313 turns).

Gargoyl the Skirmisher (Gnoll Abyssal Knight)        Turns: 313, Time: 00:00:33

Health: -19/23     AC:  3    Str: 12    XL:     1   Next: 0%
Magic:  3/3        EV: 12    Int:  9    God:    Lugonu [*.....]
Gold:   12         SH:  0    Dex: 12    Spells: 0/0 levels left

rFire   . . .      SeeInvis .   a - +1 hand axe
rCold   . . .      Faith    .   (no shield)
rNeg    . . .      Spirit   .   b - +0 leather armour
rPois   .          Reflect  .   (no helmet)
rElec   .          Harm     .   (no cloak)
rCorr   .          Rampage  .   (no gloves)
Will    .....                   (no boots)
Stlth   +.........              (no amulet)
HPRegen 0.07/turn               (no ring)
MPRegen 0.08/turn               (no ring)

@: no status effects
A: fangs 1, strong nose, distributed training
a: Renounce Religion, Depart the Abyss


You were on level 1 of the Abyss.
You worshipped Lugonu.
Lugonu was aware of your devotion.
You visited 0 branches of the dungeon, and saw 0 of its levels.
You visited the Abyss 1 time.

You collected 12 gold pieces.

Inventory:

Hand Weapons
 a - a +1 hand axe (weapon)
Armour
 b - a +0 leather armour (worn)


   Skills:
 + Level 6.4 Fighting
 + Level 0.0 Short Blades
 + Level 0.0 Long Blades
 + Level 4.4 Axes
 + Level 0.0 Maces & Flails
 + Level 0.0 Polearms
 + Level 0.0 Staves
 + Level 0.0 Slings
 + Level 0.0 Bows
 + Level 0.0 Crossbows
 + Level 0.0 Throwing
 + Level 4.4 Armour
 + Level 2.3 Dodging
 + Level 0.0 Stealth
 + Level 0.0 Shields
 + Level 0.0 Unarmed Combat
 + Level 0.0 Spellcasting
 + Level 0.0 Conjurations
 + Level 0.0 Hexes
 + Level 0.0 Summonings
 + Level 0.0 Necromancy
 + Level 0.0 Translocations
 + Level 0.0 Transmutations
 + Level 0.0 Fire Magic
 + Level 0.0 Ice Magic
 + Level 0.0 Air Magic
 + Level 0.0 Earth Magic
 + Level 0.0 Poison Magic
 + Level 4.4 Invocations
 + Level 0.0 Evocations


You couldn't memorise any spells.
You didn't know any spells.
Your spell library was empty.

Dungeon Overview and Level Annotations

Branches:
Dungeon (0/15)

Altars:


Innate Abilities, Weirdness & Mutations

You have very sharp teeth.
Your uncanny sense of smell can sniff out nearby items.
Your experience applies equally to all skills.


Message History

You closely miss the iron imp.
The iron imp is almost dead.
The iron imp hits you!
You hit the iron imp but do no damage.
The iron imp is almost dead.
The iron imp hits you but does no damage.
You barely miss the iron imp.
The iron imp is almost dead.
You are suddenly pulled into a different region of the Abyss!
You cannot move.
Your transformation is almost over.
You feel less wooden.
Your +0 leather armour unmelds from your body.
A raiju comes into view.
The raiju moves out of view.
A raiju is nearby!
A raiju is nearby!
A raiju is nearby!
Unknown command.
A small abomination comes into view.
Found a gateway leading out of the Abyss.
Found 16 gold pieces.
Found a gateway leading out of the Abyss.
The neqoxec shouts!
Found a book of Displacement.
A tentacled starspawn comes into view.
A tentacle flies out from the starspawn's body!
The neqoxec gestures at you.
Something tries to feed on your intellect!
A starspawn tentacle comes into view.
A red draconian comes into view. It is wielding a +0 scimitar.
The red draconian roars!
Tentacles burst from the starspawn's body! 2 starspawn tentacles come into view.
The red draconian breathes fire at you. The searing blast misses you.
The red draconian breathes fire at you. The searing blast hits you!!!
Ouch! That really hurt!
You die...

## ∆ .# #.#
.. ## .#
#.#.###
##@...#
####...#..♣
#..d###...♣
####..####♣
###.###.#
#..#.#..#
###.#. .#
##..#....#
ww.#####
..♣


You could see a red draconian (catching breath).

Vanquished Creatures (others)
  4 starspawn tentacles (Abyss:1)
4 creatures vanquished.

Notes
Turn   | Place    | Note
-------+----------+-------------------------------------------
     0 | Abyss:1  | Gargoyl the Gnoll Abyssal Knight began the quest for the
                  | Orb.
     0 | Abyss:1  | Reached XP level 1. HP: 23/23 MP: 3/3
     0 | Abyss:1  | Found a corrupted altar of Lugonu.
    95 | Abyss:1  | Noticed an iron imp
   257 | Abyss:1  | Noticed a raiju
   281 | Abyss:1  | Noticed a neqoxec
   283 | Abyss:1  | Noticed a tentacled starspawn
   302 | Abyss:1  | Noticed a red draconian
   313 | Abyss:1  | Killed from afar by a red draconian

Illustrated notes

Levels and vault maps discovered:
Abyss:1:  base: Temple, base: Temple, evilmike_abyss_exit_1

Action                   || total
-------------------------++-------
Melee: Hand axe          ||    15
  Use: Potion            ||     1
Armor: Skin              ||     6
Dodge: Dodged            ||     3

Table legend: (Time is in decaauts)
 A = Elapsed time spent in this place.
 B = Non-inter-level travel time spent in this place.
 C = Inter-level travel time spent in this place.
 D = Time resting spent in this place.
 E = Time spent auto-exploring this place.
 F = Levels seen in this place.
 G = Mean time per level.
                   A        B        C        D        E       F      G
               +--------+--------+--------+--------+--------+-----+--------+
         Total |    314 |    314 |      0 |      0 |    233 |   1 |  314.0 |
         Abyss |    314 |    314 |      0 |      0 |    233 |   1 |  314.0 |
               +--------+--------+--------+--------+--------+-----+--------+

Top non-repeatable levels by time:
 Abyss:1: 314 daAuts
